Map: Dusk Towers

Players

Kaldi - Winner!

  • Race: Zerg Zerg
  • League: Master

Nuckzer

  • Race: Zerg Zerg
  • League: Diamond

VOD

Have the link to the VOD?

Description

Time

  • Played on: Feb. 8, 2016, 6:40 p.m.
  • Length: 12:07
Show
View Real Time Build Order
Export as new Build Order

Kaldi Zerg - Winner!

Build Orders: Hatch First, Muta Ling Bane, Zergling Baneling 

Get SALT Encoding   

  12  0:02  Drone  
  13  0:12  Overlord  
  13  0:17  Drone  
  14  0:32  Drone  
  14  0:33  Drone  
  16  0:40  Drone  
  17  0:52  Drone  
  17  0:56  Hatchery  
  17  1:00  Drone  
  17  1:03  Extractor  
  17  1:09  Drone  
  18  1:18  Spawning Pool  
  17  1:20  Drone  
  18  1:29  Drone  
  20  1:40  Drone  
  20  1:50  Overlord  
  20  2:04  Queen  
  20  2:08  Zergling x2  
  23  2:09  Zergling x2  
  23  2:10  Queen  
  23  2:11  Metabolic Boost  
  26  2:25  Drone x2  
  26  2:26  Overlord  
  28  2:36  Zergling x4  
  30  2:41  Baneling Nest  
  30  2:44  Zergling x4  
  31  2:52  Zergling x2  
  32  3:13  Zergling x8  
  32  3:15  Drone x2  
  32  3:16  Drone  
  39  3:24  Baneling x2  
  39  3:25  Baneling x2  
  39  3:26  Drone x4  
  43  3:29  Drone  
  44  3:45  Lair  
  43  4:02  Drone x4  
  44  4:08  Drone x3  
  44  4:15  Overlord  
  44  4:19  Extractor  
  42  4:24  Extractor, Zergling x2  
  42  4:26  Spine Crawler, Extractor, Overlord x2  
  40  4:31  Queen  
  40  4:34  Zergling x8  
  46  4:41  Zergling x2  
  46  4:45  Baneling x2  
  47  4:48  Baneling x2  
  47  4:49  Baneling x2  
  47  4:51  Zergling x2  
  47  4:52  Zergling x2  
  49  4:57  Zergling x8  
  53  5:02  Spine Crawler  
  51  5:13  Drone x2  
  51  5:14  Drone x3  
  54  5:23  Drone x2  
  54  5:27  Drone x3  
  59  5:30  Hatchery  
  59  5:33  Drone  
  59  5:41  Drone  
  60  5:46  Spire  
  58  5:50  Drone x2  
  54  6:01  Overseer  
  54  6:04  Drone x4  
  57  6:06  Drone x3  
  61  6:15  Overlord x2  
  61  6:18  Queen  
  61  6:24  Extractor  
  62  6:27  Extractor  
  61  6:35  Zergling x14  
  68  6:43  Zergling x6  
  68  6:44  Zergling x2  
  72  6:59  Mutalisk x4  
  80  7:06  Mutalisk x2  
  84  7:09  Zerg Flyer Armor Level 1  
  84  7:15  Mutalisk x3  
  86  7:17  Overlord x2  
  90  7:38  Drone x11  
  101  7:47  Overlord  
  101  7:48  Overlord x2  
  101  8:04  Overlord x3  
  101  8:27  Roach Warren, Evolution Chamber  
  101  8:28  Drone x4  
  101  8:29  Mutalisk x4  
  101  8:30  Mutalisk  
  113  8:46  Overlord x3  
  111  8:57  Zerg Missile Weapons Level 1  
  111  8:58  Drone x2  
  111  9:02  Evolution Chamber  
  112  9:03  Centrifical Hooks  
  114  9:17  Roach x15  
  114  9:22  Glial Reconstitution  
  142  9:29  Zerg Ground Armor Level 1  
  142  9:31  Roach x5  
  152  9:56  Roach x10  
  170  10:14  Hatchery  
  169  10:16  Roach x4  
  177  10:23  Overlord x4  
  177  10:29  Hydralisk Den  
  177  10:31  Baneling x12  
  177  10:34  Ravager x2  
  178  10:44  Baneling x7  
  178  10:45  Ravager  
  178  10:46  Ravager x10  
  178  10:47  Ravager  
  178  10:49  Drone x3  
  193  10:52  Extractor  
  193  10:54  Extractor  
  193  10:56  Spine Crawler  
  184  10:57  Spine Crawler  
  184  11:00  Drone x2  
  184  11:01  Drone x4  
  188  11:07  Overseer x2  
  188  11:17  Drone x2  
  190  11:20  Roach x3  
  190  11:21  Roach  
  198  11:45  Spine Crawler  
  198  11:46  Spine Crawler  
Show
View Real Time Build Order
Export as new Build Order

Nuckzer Zerg 

Build Orders: Hatch First, Zergling Baneling 

Get SALT Encoding   

  12  0:01  Drone  
  13  0:11  Drone  
  14  0:19  Overlord  
  14  0:36  Extractor, Drone  
  14  0:38  Drone x2  
  17  0:54  Hatchery  
  16  0:57  Drone  
  17  1:11  Spawning Pool  
  17  1:14  Drone  
  17  1:18  Extractor  
  16  1:19  Drone  
  16  1:24  Drone  
  18  1:31  Drone  
  19  1:43  Overlord  
  19  1:52  Drone  
  20  2:01  Queen  
  20  2:03  Zergling x2  
  20  2:07  Zergling x2  
  24  2:17  Queen  
  24  2:19  Overlord  
  26  2:25  Drone  
  26  2:26  Drone  
  26  2:29  Metabolic Boost  
  28  2:31  Drone  
  29  2:41  Drone  
  29  2:42  Drone  
  31  2:45  Drone  
  32  2:52  Drone  
  33  3:04  Baneling Nest  
  31  3:10  Zergling x4  
  31  3:11  Zergling x8  
  37  3:19  Queen, Overlord  
  39  3:33  Zergling x10  
  44  3:35  Overlord  
  44  3:47  Baneling x3  
  44  3:48  Baneling x2  
  40  4:00  Zergling x8  
  36  4:21  Zergling x10  
  41  4:32  Lair  
  41  4:35  Extractor  
  40  4:38  Drone  
  40  4:39  Drone x3  
  40  4:41  Baneling  
  40  4:42  Baneling  
  40  4:44  Baneling x2  
  36  5:10  Drone  
  36  5:11  Drone x8  
  44  5:14  Extractor x2  
  44  5:16  Zergling x2  
  43  5:22  Drone  
  44  5:34  Drone x2  
  46  5:37  Baneling x2  
  46  5:38  Hatchery  
  44  5:53  Zergling x14  
  44  5:54  Zergling x2  
  51  6:15  Drone x3  
  51  6:17  Drone x6  
  60  6:19  Hatchery  
  60  6:21  Overlord  
  60  6:23  Overseer  
  59  6:38  Overlord  
  59  6:39  Overlord  
  58  6:55  Zergling x4  
  58  6:56  Zergling x4  
  62  7:09  Roach Warren  
  62  7:11  Hydralisk Den, Queen x2  
  64  7:22  Overlord  
  64  7:25  Spore Crawler  
  64  7:29  Spore Crawler x2  
  61  7:31  Spore Crawler, Drone x3  
  61  7:32  Drone  
  61  7:35  Drone  
  61  7:36  Drone x6  
  61  7:37  Drone  
  72  7:42  Baneling x4  
  72  7:43  Baneling  
  72  7:47  Queen  
  72  7:50  Queen  
  76  7:51  Queen  
  76  7:52  Spore Crawler  
  77  8:05  Extractor  
  73  8:06  Spore Crawler  
  68  8:17  Drone x6  
  74  8:21  Overlord x4  
  74  8:22  Overlord  
  74  8:25  Glial Reconstitution  
  74  8:47  Hydralisk, Queen  
  74  8:48  Hydralisk x3  
  78  8:52  Drone x3  
  78  8:55  Drone x2  
  89  8:59  Drone x2  
  89  9:00  Drone  
  92  9:08  Drone  
  92  9:09  Drone x3  
  96  9:10  Drone  
  96  9:15  Extractor  
  96  9:19  Evolution Chamber  
  96  9:20  Muscular Augments  
  95  9:25  Queen  
  95  9:30  Hydralisk x2  
  101  9:35  Roach  
  101  9:36  Roach x2  
  106  9:53  Overlord  
  106  9:54  Overlord x3  
  106  9:56  Zerg Missile Weapons Level 1  
  104  10:12  Queen  
  106  10:17  Overlord x2  
  106  10:18  Overlord x3  
  106  10:27  Baneling  
  106  10:28  Baneling  
  106  10:32  Hatchery  
  105  10:52  Roach x5  
  105  10:53  Roach x7  
  120  10:59  Queen  
  122  11:09  Roach x6  
  134  11:20  Roach x3  
  134  11:22  Overseer  
  140  11:25  Overseer  
  140  11:31  Evolution Chamber  
  139  11:33  Roach  
  139  11:34  Roach x2  
  139  11:39  Overlord x5  
Tags
 
Add a new tag
Caveats
  • Supply blocks, unpowered buildings, or Contaminate may cause inaccurate times.
  • Supply counts are checked every 10 seconds.